 Dungeon Crawl Stone Soup version 0.32-a0-630-g46d191b0ed (webtiles) character file.

Game seed: 10758570714124668227

252 dialectric the Sneak (level 6, -1/42 HPs)
             Began as an Octopode Brigand on Mar 6, 2024.
             Was an Initiate of Beogh.
             Slain by an ice beast (11 damage)
             ... on level 4 of the Dungeon.
             The game lasted 00:02:22 (2003 turns).

dialectric the Sneak (Octopode Brigand)             Turns: 2003, Time: 00:02:23

Health: -1/42      AC:  1    Str: 10    XL:     6   Next: 14%
Magic:  6/6        EV: 14    Int: 14    God:    Beogh [......]
Gold:   135        SH:  0    Dex: 15    Spells: 5/5 levels left

rFire   + + .        a - +2 dagger
rCold   . . .        (no shield)
rNeg    . . .        (helmet restricted)
rPois   .            (no amulet)
rElec   .            e - ring of protection from fire
rCorr   .            m - ring of protection from fire
SInv    .            (no ring)
Will    .....        (no ring)
Stlth   ++++         (no ring)
HPRegen 0.27/turn    (no ring)
MPRegen 0.10/turn    (no ring)
                     (no ring)

%: no passive effects
@: no status effects
A: almost no armour, amphibious, 8 rings, camouflage 1, gelatinous body 1,
(nimble swimmer 1), tentacles
a: Renounce Religion


You were on level 4 of the Dungeon.
You worshipped Beogh.
Beogh was noncommittal.
You visited 1 branch of the dungeon, and saw 4 of its levels.

You collected 171 gold pieces.
You spent 36 gold pieces at shops.

Inventory:

Hand Weapons
 a - a +2 dagger (weapon)
Missiles
 b - 15 poisoned darts (quivered)
 c - 3 curare-tipped darts
Jewellery
 e - a ring of protection from fire (left tentacle)
 m - a ring of protection from fire (right tentacle)
Wands
 s - a wand of light (12)
Scrolls
 d - 3 scrolls of poison {unknown}
 j - a scroll of identify {unknown}
 k - 2 scrolls of teleportation
 l - a scroll of enchant weapon {unknown}
 n - a scroll of vulnerability {unknown}
 r - a scroll of enchant armour {unknown}
 t - a scroll of immolation {unknown}
 v - a scroll of revelation {unknown}
Potions
 f - a potion of degeneration {unknown}
 g - a potion of invisibility {unknown}
 h - a potion of heal wounds {unknown}
 i - a potion of curing {unknown}
 o - a potion of enlightenment {unknown}
 p - a potion of cancellation {unknown}
 q - a potion of berserk rage {unknown}
 u - a potion of attraction


   Skills:
 + Level 3.4 Fighting
 + Level 3.4 Short Blades
 - Level 2.4 Throwing
 + Level 2.8 Dodging
 + Level 6.7 Stealth


You had 5 spell levels left.
You didn't know any spells.
Your spell library contained the following spells:

 Spells                   Type           Power      Damage    Failure   Level
 Vhi's Electric Charge    Tloc/Air       0%         N/A       96%         4
 Arcjolt                  Conj/Air       0%         1d10      100%        5
 Maxwell's Capacitive Co  Air            0%         ∞         100%        8


Dungeon Overview and Level Annotations

Branches:
Dungeon (4/15)             Temple (0/1) D:4

Altars:
Dithmenos
Nemelex Xobeh

Shops:
D:2 *


Innate Abilities, Weirdness & Mutations

You cannot wear most types of armour.
You are amphibious.
You can wear up to eight rings at the same time.
Your skin changes colour to match your surroundings (Stealth+).
Your rubbery body absorbs attacks. (AC +1, EV +1)
((You are camouflaged when in or above water. (Stealth+)))
You have tentacles for arms and can constrict up to eight enemies at once.


Message History

A ball python comes into view.
Found 8 gold pieces.
Found a staircase to the Ecumenical Temple.
Found a stone staircase leading down.
The ball python hisses angrily.
You closely miss the ice beast.
An orc warrior comes into view. It is wielding a +0 halberd.
The ice beast closely misses you.
There are monsters nearby!
The orc warrior shouts!
You hit the ice beast but do no damage. You squeeze the ice beast!
The ice beast is moderately wounded.
You hear a shout!
An adder comes into view.
The ice beast closely misses you.
Unknown command.
You hit the ice beast. You squeeze the ice beast!
The ice beast is severely wounded.
The ice beast hits you. The ice beast freezes you!
You hit the ice beast but do no damage.
The ice beast is severely wounded.
The ball python bites you. The ice beast hits you. The ice beast freezes you!
Unknown command.
You closely miss the ice beast.
The ice beast is severely wounded.
The ball python closely misses you. x2
You are too injured to fight recklessly!
You hit the ice beast but do no damage.
The ice beast is severely wounded.
The ball python bites you. The ball python completely misses you.
The ice beast barely misses you. The ball python closely misses you.
The ball python barely misses you.
Unknown command.
You are too injured to fight recklessly!
You hit the ice beast.
The ice beast is severely wounded.
The ice beast hits you.
* * * LOW HITPOINT WARNING * * *
The ice beast freezes you!
You die...

...>...# .. ##
#......##.. ...
.......#.$> ....
.....#...
#...##....o.# ..
#....[.....# #..
#......YSS####...
.......@..#........
...###...#.........
....#.......#.....
............##......
##.........![...#...
##................[
##...##!.?........#
#... ###..##.....
##.# #......... #


You could see an orc warrior, an ice beast, an adder and a ball python.

Vanquished Creatures
  Sigmund (D:3)
  3 adders
  3 dart slugs (D:1)
  An orc (D:3)
  5 endoplasms
  A giant cockroach (D:1)
  11 goblins
  9 hobgoblins
  3 quokkas
  7 ball pythons
  2 bats
  2 frilled lizards
  5 kobolds (D:1)
  3 rats
56 creatures vanquished.

Notes
Turn   | Place    | Note
-------+----------+-------------------------------------------
     0 | D:1      | dialectric the Octopode Brigand began the quest for the
                  | Orb.
     0 | D:1      | Reached XP level 1. HP: 14/14 MP: 1/1
     9 | D:1      | Noticed an ogre
   116 | D:1      | Reached XP level 2. HP: 19/19 MP: 2/2
   262 | D:1      | Reached XP level 3. HP: 15/24 MP: 3/3
   866 | D:2      | Found Wycumy's General Store.
   885 | D:2      | Bought a scroll of teleportation for 36 gold pieces
  1118 | D:2      | Reached XP level 4. HP: 30/30 MP: 4/4
  1328 | D:3      | Found a shadowy altar of Dithmenos.
  1347 | D:3      | Became a worshipper of Beogh the Shepherd
  1384 | D:3      | Reached skill level 6 in Stealth
  1437 | D:3      | Found a sparkling altar of Nemelex Xobeh.
  1570 | D:3      | Noticed Sigmund
  1577 | D:3      | Killed Sigmund
  1578 | D:3      | Reached XP level 5. HP: 36/36 MP: 5/5
  1578 | D:3      | Reached XP level 6. HP: 42/42 MP: 6/6
  1990 | D:4      | Noticed an ice beast
  1995 | D:4      | Found a staircase to the Ecumenical Temple.
  1997 | D:4      | Noticed an orc warrior
  2003 | D:4      | Slain by an ice beast

Illustrated notes

Levels and vault maps discovered:
D:1:      evilmike_arrival_come_back, layout_basic
D:2:      layout_rooms, serial_shops, shop, hangedman_decor_points
D:3:      layout_basic, nicolae_dithmenos_the_darkroom,
          overflow_temple_1_default, uniq_sigmund
D:4:      layout_cave_pools, minmay_temple_entry_wispy

Skill      XL: |  1  2  3  4 |
---------------+-------------+-----
Stealth        | 6 |  6.7
Dodging        | 2 |  2.8
Fighting       | 3 |  3.4
Short Blades   | 3 |  3.4
Throwing       | |  2.4

Action                     |  1- 3 |  4- 6 || total
---------------------------+-------+-------++-------
  Melee: Dagger            |    66 |    32 ||    98
         Constrict         |    15 |     7 ||    22
         Tentacles         |    12 |     6 ||    18
 Invoke: Convert to Beogh  |       |     1 ||     1
    Use: Potion            |       |     1 ||     1
   Stab: Sleeping          |    11 |     8 ||    19
         Distracted        |     1 |       ||     1
 Armour: Skin              |    12 |    19 ||    31
  Dodge: Dodged            |    30 |    21 ||    51

Table legend: (Time is in decaauts)
 A = Elapsed time spent in this place.
 B = Non-inter-level travel time spent in this place.
 C = Inter-level travel time spent in this place.
 D = Time resting spent in this place.
 E = Time spent auto-exploring this place.
 F = Levels seen in this place.
 G = Mean time per level.
                   A        B        C        D        E       F      G
               +--------+--------+--------+--------+--------+-----+--------+
         Total |   1989 |   1890 |     99 |      0 |   1526 |   4 |  497.2 |
       Dungeon |   1989 |   1890 |     99 |      0 |   1526 |   4 |  497.2 |
               +--------+--------+--------+--------+--------+-----+--------+

Top non-repeatable levels by time:
     D:1: 842 daAuts
     D:3: 581 daAuts
     D:2: 476 daAuts
     D:4: 88 daAuts
